[ AOE2 MATCH · #468582964 ]
UnrankedCumans vs Byzantines
[ REPLAY ANALYSIS · EXTRACTED FROM THE RECORDED GAME ]
Feudal
—
Castle
8:12
Imperial
19:08
| APM avg | 16.0 |
| APM peak | 44 |
| eAPM avg | 10.3 |
| Villagers / military | 118 / 447 |
Focus
⚔️ 30.2% · 🌾 69.8%
Militia ×230 · Spearman ×180 · Trade Cart ×43 · Trebuchet (Packed) ×20 · Battering Ram ×15 · Monk ×2
Feudal
—
Castle
9:23
Imperial
18:37
| APM avg | 22.2 |
| APM peak | 67 |
| eAPM avg | 13.4 |
| Villagers / military | 86 / 122 |
Focus
⚔️ 29.5% · 🌾 70.5%
Knight ×54 · Scout Cavalry ×35 · Camel Scout ×9 · Cataphract ×5 · Skirmisher ×5 · Spearman ×3
Feudal
—
Castle
7:31
Imperial
24:28
| APM avg | 15.1 |
| APM peak | 41 |
| eAPM avg | 11.5 |
| Villagers / military | 148 / 89 |
Focus
⚔️ 23.0% · 🌾 77.0%
Janissary ×32 · Skirmisher ×22 · Hand Cannoneer ×9 · Mangonel ×7 · Militia ×6 · Trade Cart ×6
Feudal
—
Castle
6:39
Imperial
24:35
| APM avg | 24.4 |
| APM peak | 76 |
| eAPM avg | 15.1 |
| Villagers / military | 90 / 204 |
Focus
⚔️ 44.1% · 🌾 55.9%
Mangudai ×203 · Trade Cart ×12 · Monk ×1
Feudal
—
Castle
12:41
Imperial
31:18
| APM avg | 10.6 |
| APM peak | 38 |
| eAPM avg | 8.1 |
| Villagers / military | 43 / 217 |
Focus
⚔️ 35.3% · 🌾 64.7%
Plumed Archer ×65 · Archer ×45 · Spearman ×37 · Skirmisher ×23 · Eagle Scout ×22 · Trade Cart ×18
Feudal
—
Castle
14:46
Imperial
28:47
| APM avg | 25.7 |
| APM peak | 61 |
| eAPM avg | 17.2 |
| Villagers / military | 122 / 266 |
Focus
⚔️ 44.4% · 🌾 55.6%
Cataphract ×83 · Spearman ×59 · Skirmisher ×59 · Trade Cart ×38 · Bombard Cannon ×30 · Monk ×12
Feudal
—
Castle
26:57
Imperial
—
| APM avg | 6.7 |
| APM peak | 39 |
| eAPM avg | 2.4 |
| Villagers / military | 3 / 14 |
Focus
⚔️ 45.4% · 🌾 54.6%
Spearman ×4 · Monk ×3 · Militia ×3 · Archer ×2 · Skirmisher ×2
Feudal
—
Castle
7:40
Imperial
24:51
| APM avg | 14.3 |
| APM peak | 58 |
| eAPM avg | 7.6 |
| Villagers / military | 77 / 181 |
Focus
⚔️ 39.0% · 🌾 61.0%
Knight ×105 · Archer ×24 · War Elephant ×23 · Skirmisher ×10 · Hand Cannoneer ×10 · Trebuchet (Packed) ×5
Match map
Initial resources + every placement click. Lines = walls · curves = elevation contours. ◆ gold · ⬟ stone · ● berries · ✦ relic · ◌ wall gap
Your base· Open — unwalled flank
josedeteran94's base· Open — 5t gap
Hixkev's base· Open — 5t gap
Chocolate Nestle's base· Open — unwalled flank
11030715's base· Open — unwalled flank
balthes.james's base· Open — unwalled flank
agaf2001's base· Open — 2t gap
leo_uh's base· Open — unwalled flank
Smoothed initial terrain · ◌ = detected wall gap · hover for details
Inputs per minute
— leno_lau - - josedeteran94
Build order — leno_lau
First 150 of 439 actions detected
| 0:24 | Research | Wheelbarrow |
| 0:41 | Create | Villager (Male) |
| 0:41 | Create | Villager (Male) |
| 0:41 | Create | Villager (Male) |
| 1:19 | Build | Mill |
| 2:26 | Create | Villager (Male) |
| 2:26 | Create | Villager (Male) |
| 2:26 | Create | Villager (Male) |
| 2:26 | Create | Villager (Male) |
| 2:27 | Create | Villager (Male) |
| 2:31 | Build | House |
| 2:31 | Build | House |
| 2:31 | Build | House |
| 2:32 | Build | House |
| 2:32 | Build | House |
| 2:32 | Build | House |
| 3:54 | Build | Market |
| 3:59 | Build | Blacksmith |
| 4:42 | Create | Villager (Male) |
| 4:42 | Create | Villager (Male) |
| 4:43 | Create | Villager (Male) |
| 5:31 | Research | Castle Age |
| 5:33 | Create | Villager (Male) |
| 6:17 | Build | Farm |
| 6:39 | Research | Horse Collar |
| 6:55 | Build | Farm |
| 6:55 | Build | Farm |
| 6:55 | Build | Farm |
| 6:55 | Build | Farm |
| 6:56 | Build | Farm |
| 6:56 | Build | Farm |
| 6:56 | Build | Farm |
| 6:57 | Build | Farm |
| 6:57 | Build | Farm |
| 6:58 | Build | Farm |
| 6:58 | Build | Farm |
| 6:58 | Build | Farm |
| 6:59 | Build | Farm |
| 6:59 | Build | Farm |
| 7:05 | Research | Double-Bit Axe |
| 7:16 | Research | Gold Mining |
| 8:12 | Age | Castle Age |
| 8:16 | Build | Farm |
| 8:17 | Build | Farm |
| 8:21 | Research | Bow Saw |
| 8:26 | Research | Heavy Plow |
| 8:26 | Research | Heavy Plow |
| 8:48 | Create | Villager (Male) |
| 8:48 | Create | Villager (Male) |
| 9:10 | Research | Hand Cart |
| 9:13 | Create | Villager (Male) |
| 9:13 | Create | Villager (Male) |
| 9:13 | Create | Villager (Male) |
| 10:12 | Create | Villager (Male) |
| 10:12 | Create | Villager (Male) |
| 10:24 | Build | University |
| 10:29 | Build | Farm |
| 10:30 | Build | Farm |
| 10:30 | Build | Farm |
| 10:31 | Build | Farm |
| 10:31 | Build | Farm |
| 10:31 | Build | Farm |
| 10:31 | Build | Farm |
| 10:32 | Build | Farm |
| 10:32 | Build | Farm |
| 10:40 | Create | Villager (Male) |
| 10:40 | Create | Villager (Male) |
| 10:40 | Create | Villager (Male) |
| 10:59 | Build | Farm |
| 10:59 | Build | Farm |
| 10:59 | Build | Farm |
| 10:59 | Build | Farm |
| 11:47 | Build | Town Center |
| 12:06 | Create | Villager (Male) |
| 12:06 | Create | Villager (Male) |
| 13:03 | Create | Villager (Male) |
| 13:04 | Create | Villager (Male) |
| 13:04 | Create | Villager (Male) |
| 13:04 | Create | Villager (Male) |
| 13:11 | Build | Town Center |
| 13:14 | Create | Villager (Male) |
| 13:15 | Create | Villager (Male) |
| 13:24 | Research | Gold Shaft Mining |
| 13:46 | Build | House |
| 13:46 | Build | House |
| 13:46 | Build | House |
| 13:46 | Build | House |
| 13:46 | Build | House |
| 14:04 | Build | Monastery |
| 14:13 | Create | Villager (Male) |
| 14:14 | Create | Villager (Male) |
| 14:19 | Create | Villager (Male) |
| 14:19 | Create | Villager (Male) |
| 15:00 | Create | Villager (Male) |
| 15:00 | Create | Villager (Male) |
| 15:28 | Build | Farm |
| 15:28 | Build | Farm |
| 15:28 | Build | Farm |
| 15:28 | Build | Farm |
| 15:29 | Build | Farm |
| 15:29 | Build | Farm |
| 15:29 | Build | Farm |
| 15:30 | Build | Farm |
| 15:30 | Build | Farm |
| 15:33 | Create | Villager (Male) |
| 15:33 | Create | Villager (Male) |
| 15:33 | Create | Villager (Male) |
| 15:34 | Create | Villager (Male) |
| 15:34 | Create | Villager (Male) |
| 15:34 | Create | Villager (Male) |
| 15:45 | Create | Villager (Male) |
| 15:45 | Create | Villager (Male) |
| 15:48 | Research | Imperial Age |
| 15:50 | Create | Villager (Male) |
| 16:00 | Build | House |
| 16:00 | Build | House |
| 16:01 | Build | House |
| 16:01 | Build | House |
| 16:01 | Build | House |
| 16:01 | Build | House |
| 16:01 | Build | House |
| 16:02 | Build | House |
| 16:34 | Research | Stone Mining |
| 16:41 | Create | Villager (Male) |
| 16:41 | Create | Villager (Male) |
| 16:47 | Create | Monk |
| 17:00 | Create | Trade Cart ×4 |
| 17:14 | Create | Villager (Male) |
| 17:14 | Create | Villager (Male) |
| 17:15 | Create | Villager (Male) |
| 17:15 | Create | Villager (Male) |
| 17:15 | Create | Villager (Male) |
| 17:37 | Research | Scale Mail Armor |
| 17:44 | Research | Squires |
| 17:52 | Build | Mining Camp |
| 17:56 | Create | Villager (Male) |
| 17:56 | Create | Villager (Male) |
| 18:15 | Research | Forging |
| 19:08 | Age | Imperial Age |
| 19:18 | Research | Two-Man Saw |
| 19:23 | Research | Crop Rotation |
| 19:27 | Create | Villager (Male) ×5 |
| 19:29 | Create | Villager (Male) |
| 19:30 | Create | Villager (Male) |
| 19:30 | Create | Villager (Male) |
| 19:33 | Create | Villager (Male) ×5 |
| 19:42 | Create | Trade Cart |
| 19:42 | Create | Trade Cart |
| 19:48 | Research | Chemistry |
| 19:54 | Build | House |
Build order — josedeteran94
First 150 of 344 actions detected
| 0:05 | Create | Villager (Male) |
| 0:05 | Create | Villager (Male) |
| 0:05 | Create | Villager (Male) |
| 0:05 | Create | Villager (Male) |
| 1:02 | Create | Villager (Male) |
| 1:02 | Create | Villager (Male) |
| 2:07 | Create | Villager (Male) |
| 2:07 | Create | Villager (Male) |
| 2:08 | Research | Wheelbarrow |
| 2:24 | Build | Stone Wall |
| 2:34 | Create | Spearman |
| 2:34 | Create | Spearman |
| 2:35 | Create | Spearman |
| 2:46 | Build | House |
| 2:55 | Build | House |
| 3:47 | Build | House |
| 3:54 | Build | Farm |
| 4:01 | Build | Farm |
| 4:06 | Build | Market |
| 4:15 | Build | Blacksmith |
| 5:17 | Build | Mill |
| 5:24 | Build | Lumber Camp |
| 5:28 | Create | Villager (Male) |
| 5:28 | Create | Villager (Male) |
| 5:29 | Create | Villager (Male) |
| 5:36 | Build | Mining Camp |
| 6:03 | Research | Castle Age |
| 6:06 | Build | Farm |
| 6:25 | Build | House |
| 6:26 | Build | House |
| 6:39 | Build | Farm |
| 6:40 | Create | Villager (Male) |
| 6:41 | Create | Villager (Male) |
| 6:41 | Create | Villager (Male) |
| 7:16 | Build | Stable |
| 7:22 | Build | House |
| 7:30 | Build | Farm |
| 7:41 | Build | Lumber Camp |
| 8:04 | Build | Archery Range |
| 8:37 | Create | Scout Cavalry |
| 8:37 | Create | Scout Cavalry |
| 8:37 | Create | Scout Cavalry |
| 8:41 | Research | Scale Barding Armor |
| 9:14 | Build | Stone Wall |
| 9:19 | Build | House |
| 9:23 | Age | Castle Age |
| 9:29 | Create | Camel Scout |
| 9:30 | Create | Camel Scout |
| 9:30 | Create | Camel Scout |
| 9:31 | Research | Husbandry |
| 9:45 | Build | Stable |
| 10:26 | Build | Siege Workshop |
| 10:31 | Build | Mining Camp |
| 10:48 | Build | Gate |
| 10:54 | Build | Farm |
| 10:57 | Build | Farm |
| 10:58 | Build | Farm |
| 11:11 | Build | Town Center |
| 11:17 | Build | Farm |
| 11:19 | Build | Farm |
| 11:20 | Build | Farm |
| 11:34 | Build | Farm |
| 12:01 | Research | Double-Bit Axe |
| 12:14 | Build | Town Center |
| 13:08 | Create | Battering Ram |
| 13:38 | Build | Monastery |
| 13:54 | Build | Farm |
| 14:28 | Create | Battering Ram |
| 15:06 | Build | University |
| 15:27 | Research | Imperial Age |
| 15:34 | Research | Chain Barding Armor |
| 15:34 | Research | Forging |
| 15:40 | Create | Camel Scout |
| 15:40 | Create | Camel Scout |
| 15:40 | Create | Camel Scout |
| 16:23 | Create | Skirmisher |
| 16:23 | Create | Skirmisher |
| 16:24 | Create | Skirmisher |
| 17:02 | Create | Skirmisher |
| 17:02 | Create | Skirmisher |
| 17:08 | Build | House |
| 17:18 | Create | Knight |
| 17:19 | Create | Knight |
| 17:19 | Create | Knight |
| 17:51 | Build | Town Center |
| 18:04 | Create | Knight |
| 18:31 | Build | Castle |
| 18:37 | Age | Imperial Age |
| 18:48 | Build | Mining Camp |
| 19:03 | Research | Elite Skirmisher (upgrade) |
| 19:07 | Create | Knight |
| 19:07 | Create | Knight |
| 19:08 | Create | Knight |
| 19:08 | Create | Camel Scout |
| 19:29 | Create | Villager (Male) |
| 19:29 | Create | Villager (Male) |
| 19:29 | Create | Villager (Male) |
| 19:30 | Create | Villager (Male) |
| 19:30 | Create | Villager (Male) |
| 19:30 | Create | Villager (Male) |
| 19:30 | Create | Villager (Male) |
| 19:40 | Create | Monk |
| 19:46 | Create | Villager (Male) |
| 19:47 | Create | Villager (Male) |
| 19:47 | Create | Villager (Male) |
| 19:47 | Create | Villager (Male) |
| 19:47 | Create | Villager (Male) |
| 19:48 | Create | Villager (Male) |
| 19:48 | Create | Villager (Male) |
| 19:48 | Create | Villager (Male) |
| 19:48 | Create | Villager (Male) |
| 20:41 | Build | Farm |
| 20:48 | Create | Villager (Male) |
| 20:48 | Create | Villager (Male) |
| 20:48 | Create | Villager (Male) |
| 20:49 | Create | Villager (Male) |
| 20:52 | Build | Farm |
| 20:55 | Research | Horse Collar |
| 20:56 | Create | Villager (Male) |
| 20:57 | Create | Villager (Male) |
| 20:57 | Create | Villager (Male) |
| 21:15 | Build | Farm |
| 21:19 | Build | Farm |
| 21:23 | Build | Farm |
| 21:31 | Build | Farm |
| 21:53 | Create | Villager (Male) |
| 21:53 | Create | Villager (Male) |
| 21:53 | Create | Villager (Male) |
| 21:54 | Create | Villager (Male) |
| 21:54 | Create | Villager (Male) |
| 22:05 | Research | Gold Mining |
| 22:31 | Build | Farm |
| 22:33 | Build | Farm |
| 22:50 | Build | Lumber Camp |
| 22:58 | Research | Chemistry |
| 23:13 | Create | Villager (Male) |
| 23:13 | Create | Villager (Male) |
| 23:14 | Create | Villager (Male) |
| 23:14 | Create | Villager (Male) |
| 23:14 | Create | Villager (Male) |
| 23:27 | Build | Farm |
| 23:34 | Build | Farm |
| 23:43 | Research | Conscription |
| 24:12 | Build | Lumber Camp |
| 24:16 | Research | Hand Cart |
| 24:19 | Create | Villager (Male) |
| 24:25 | Create | Trebuchet (Packed) |
| 24:33 | Create | Mangonel |
| 24:45 | Create | Knight |
| 24:45 | Create | Knight |
Build order — Hixkev
First 150 of 445 actions detected
| 0:03 | Create | Villager (Male) ×4 |
| 1:04 | Build | Market |
| 1:48 | Build | Stone Wall |
| 1:57 | Build | Blacksmith |
| 2:23 | Create | Villager (Male) |
| 2:24 | Create | Villager (Male) |
| 2:24 | Create | Villager (Male) |
| 2:24 | Create | Villager (Male) |
| 2:24 | Create | Villager (Male) |
| 2:50 | Build | Mining Camp |
| 2:53 | Research | Gold Mining |
| 2:57 | Research | Double-Bit Axe |
| 4:02 | Build | Barracks |
| 4:51 | Research | Castle Age |
| 5:11 | Build | Stone Wall |
| 5:38 | Research | Wheelbarrow |
| 6:23 | Build | Archery Range |
| 7:08 | Build | House |
| 7:11 | Build | House |
| 7:15 | Build | House |
| 7:31 | Age | Castle Age |
| 7:35 | Build | Farm |
| 7:35 | Build | Farm |
| 7:36 | Build | Farm |
| 7:36 | Build | Farm |
| 7:36 | Build | Farm |
| 7:36 | Build | Farm |
| 7:37 | Build | Farm |
| 7:37 | Build | Farm |
| 7:37 | Build | Farm |
| 7:37 | Build | Farm |
| 7:38 | Build | Farm |
| 7:38 | Build | Farm |
| 7:38 | Build | Farm |
| 7:38 | Build | Farm |
| 7:39 | Build | Farm |
| 7:39 | Build | Farm |
| 7:39 | Build | Farm |
| 7:39 | Build | Farm |
| 7:40 | Build | Farm |
| 7:40 | Build | Farm |
| 7:44 | Create | Villager (Male) |
| 7:44 | Create | Villager (Male) |
| 8:04 | Build | Town Center |
| 8:19 | Create | Villager (Male) |
| 8:20 | Create | Villager (Male) |
| 8:40 | Create | Villager (Male) |
| 9:17 | Research | Crossbowman (upgrade) |
| 9:33 | Create | Villager (Male) |
| 9:33 | Create | Villager (Male) |
| 9:34 | Create | Villager (Male) |
| 9:43 | Build | House |
| 9:50 | Build | Town Center |
| 10:06 | Build | Stone Wall |
| 10:12 | Create | Villager (Male) |
| 10:32 | Create | Villager (Male) |
| 10:43 | Research | Bow Saw |
| 10:50 | Create | Villager (Male) |
| 10:50 | Create | Villager (Male) |
| 10:50 | Create | Villager (Male) |
| 10:50 | Create | Villager (Male) |
| 10:56 | Build | Farm |
| 11:15 | Build | Town Center |
| 11:46 | Build | Stone Wall |
| 11:54 | Create | Skirmisher |
| 11:55 | Create | Skirmisher |
| 11:55 | Create | Skirmisher |
| 11:55 | Create | Skirmisher |
| 11:55 | Create | Skirmisher |
| 12:03 | Create | Villager (Male) |
| 12:03 | Create | Villager (Male) |
| 12:03 | Create | Villager (Male) |
| 12:03 | Create | Villager (Male) |
| 12:18 | Create | Villager (Male) |
| 12:18 | Create | Villager (Male) |
| 12:40 | Build | Farm |
| 12:44 | Create | Villager (Male) |
| 12:44 | Create | Villager (Male) |
| 12:52 | Create | Villager (Male) |
| 13:20 | Create | Villager (Male) |
| 13:21 | Create | Villager (Male) |
| 13:21 | Create | Villager (Male) |
| 13:21 | Create | Villager (Male) |
| 13:41 | Build | Castle |
| 13:53 | Create | Villager (Male) |
| 13:53 | Create | Villager (Male) |
| 13:53 | Create | Villager (Male) |
| 14:15 | Build | Stone Wall |
| 14:20 | Build | House |
| 14:21 | Build | House |
| 14:22 | Build | House |
| 14:24 | Build | House |
| 14:25 | Build | House |
| 14:25 | Build | House |
| 14:33 | Create | Villager (Male) |
| 14:36 | Create | Villager (Male) |
| 14:50 | Build | Farm |
| 14:57 | Create | Villager (Male) |
| 15:01 | Create | Villager (Male) |
| 15:01 | Create | Villager (Male) |
| 15:01 | Create | Villager (Male) |
| 15:07 | Create | Villager (Male) |
| 15:07 | Create | Villager (Male) |
| 15:14 | Create | Skirmisher |
| 15:14 | Create | Skirmisher |
| 15:14 | Create | Skirmisher |
| 15:28 | Create | Villager (Male) |
| 15:28 | Create | Villager (Male) |
| 15:41 | Build | Town Center |
| 15:43 | Create | Skirmisher |
| 15:43 | Create | Skirmisher |
| 15:43 | Create | Skirmisher |
| 15:47 | Create | Janissary |
| 15:47 | Create | Janissary |
| 16:19 | Create | Villager (Male) |
| 16:19 | Create | Villager (Male) |
| 16:19 | Create | Villager (Male) |
| 16:19 | Create | Villager (Male) |
| 16:38 | Build | Farm |
| 16:43 | Build | Farm |
| 17:06 | Create | Villager (Male) |
| 17:06 | Create | Villager (Male) |
| 17:06 | Create | Villager (Male) |
| 17:14 | Build | Farm |
| 17:17 | Create | Skirmisher |
| 17:17 | Create | Skirmisher |
| 17:17 | Create | Skirmisher |
| 17:17 | Create | Skirmisher |
| 17:18 | Create | Skirmisher |
| 17:35 | Build | Farm |
| 17:38 | Build | Farm |
| 17:50 | Build | Stone Wall |
| 17:56 | Research | Horse Collar |
| 17:58 | Create | Villager (Male) |
| 17:58 | Create | Villager (Male) |
| 18:04 | Build | Farm |
| 18:05 | Build | Farm |
| 18:07 | Build | Farm |
| 18:16 | Build | Town Center |
| 18:32 | Build | Siege Workshop |
| 18:42 | Build | Farm |
| 18:45 | Create | Villager (Male) |
| 18:45 | Create | Villager (Male) |
| 19:12 | Research | Sipahi |
| 19:12 | Create | Janissary |
| 19:12 | Create | Janissary |
| 19:13 | Create | Janissary |
| 19:13 | Create | Janissary |
| 19:13 | Create | Janissary |
| 19:13 | Create | Janissary |
Build order — Chocolate Nestle
First 150 of 428 actions detected
| 0:31 | Build | Farm |
| 0:34 | Build | Farm |
| 0:38 | Build | Farm |
| 0:40 | Build | Farm |
| 0:45 | Build | Farm |
| 3:13 | Build | Market |
| 3:22 | Build | Blacksmith |
| 3:40 | Build | Stone Wall |
| 3:59 | Research | Castle Age |
| 4:23 | Build | Mining Camp |
| 5:27 | Build | Lumber Camp |
| 5:31 | Research | Double-Bit Axe |
| 5:39 | Create | Trade Cart |
| 6:35 | Build | Stable |
| 6:39 | Age | Castle Age |
| 6:46 | Research | Bow Saw |
| 6:53 | Research | Horse Collar |
| 7:29 | Create | Villager (Male) |
| 7:29 | Create | Villager (Male) |
| 7:39 | Create | Villager (Male) |
| 7:56 | Build | Stable |
| 8:14 | Build | Town Center |
| 8:28 | Research | Stone Mining |
| 9:11 | Research | Stone Shaft Mining |
| 9:51 | Create | Villager (Male) |
| 9:51 | Create | Villager (Male) |
| 9:54 | Research | Wheelbarrow |
| 9:59 | Create | Villager (Male) |
| 9:59 | Create | Villager (Male) |
| 11:00 | Create | Villager (Male) |
| 11:10 | Build | Castle |
| 11:15 | Research | Hand Cart |
| 11:32 | Build | Lumber Camp |
| 11:44 | Research | Gold Mining |
| 11:54 | Build | Farm |
| 12:13 | Create | Villager (Male) |
| 12:16 | Build | Farm |
| 12:20 | Build | Farm |
| 13:05 | Build | Farm |
| 13:08 | Build | Farm |
| 13:10 | Build | Farm |
| 13:17 | Create | Villager (Male) |
| 13:17 | Create | Villager (Male) |
| 13:27 | Create | Villager (Male) |
| 13:27 | Create | Villager (Male) |
| 13:46 | Create | Trade Cart |
| 13:55 | Build | House |
| 13:57 | Build | House |
| 14:17 | Create | Villager (Male) |
| 14:19 | Create | Villager (Male) |
| 14:46 | Build | Lumber Camp |
| 14:52 | Create | Villager (Male) |
| 14:52 | Create | Villager (Male) |
| 14:55 | Create | Villager (Male) |
| 14:55 | Create | Villager (Male) |
| 15:15 | Build | Monastery |
| 15:25 | Build | Farm |
| 15:31 | Build | Farm |
| 15:34 | Build | Farm |
| 15:37 | Build | Farm |
| 16:01 | Build | Castle |
| 16:17 | Create | Monk |
| 16:32 | Build | Farm |
| 16:52 | Create | Villager (Male) |
| 16:52 | Create | Villager (Male) |
| 17:39 | Build | Mining Camp |
| 17:48 | Build | Town Center |
| 17:55 | Create | Villager (Male) |
| 17:56 | Create | Villager (Male) |
| 17:59 | Create | Villager (Male) |
| 17:59 | Create | Villager (Male) |
| 18:09 | Research | Gold Shaft Mining |
| 18:31 | Create | Villager (Male) |
| 18:31 | Create | Villager (Male) |
| 18:46 | Create | Trade Cart |
| 19:24 | Build | Farm |
| 19:25 | Build | Farm |
| 19:26 | Build | Farm |
| 19:28 | Build | Farm |
| 19:30 | Build | Farm |
| 19:31 | Build | Farm |
| 19:36 | Build | Farm |
| 19:41 | Create | Villager (Male) |
| 19:46 | Create | Villager (Male) |
| 19:51 | Create | Villager (Male) |
| 20:12 | Build | Stable |
| 20:17 | Build | Stable |
| 20:33 | Build | Mining Camp |
| 20:43 | Create | Villager (Male) |
| 20:44 | Create | Villager (Male) |
| 20:45 | Create | Villager (Male) |
| 20:47 | Create | Villager (Male) |
| 21:18 | Build | University |
| 21:25 | Research | Imperial Age |
| 21:29 | Create | Villager (Male) |
| 21:29 | Create | Villager (Male) |
| 21:32 | Create | Villager (Male) |
| 21:41 | Create | Trade Cart |
| 21:50 | Build | Lumber Camp |
| 21:58 | Build | Lumber Camp |
| 22:17 | Create | Villager (Male) |
| 22:17 | Create | Villager (Male) |
| 22:33 | Create | Villager (Male) |
| 22:33 | Create | Villager (Male) |
| 22:48 | Build | Mining Camp |
| 23:19 | Research | Ballistics |
| 23:33 | Research | Scale Barding Armor |
| 23:37 | Research | Padded Archer Armor |
| 23:38 | Research | Scale Mail Armor |
| 23:45 | Research | Fletching |
| 23:58 | Create | Villager (Male) |
| 24:04 | Create | Villager (Male) |
| 24:09 | Create | Villager (Male) |
| 24:35 | Age | Imperial Age |
| 24:36 | Create | Mangudai |
| 24:56 | Build | Castle |
| 25:02 | Research | Elite Mangudai (upgrade) |
| 25:16 | Create | Mangudai |
| 25:16 | Create | Mangudai |
| 25:16 | Create | Mangudai |
| 25:16 | Create | Mangudai |
| 25:16 | Create | Mangudai |
| 25:17 | Create | Mangudai |
| 25:17 | Create | Mangudai |
| 25:17 | Create | Mangudai |
| 25:23 | Research | Chain Barding Armor |
| 25:24 | Research | Leather Archer Armor |
| 25:40 | Build | Monastery |
| 25:47 | Create | Trade Cart |
| 26:07 | Create | Mangudai |
| 26:07 | Create | Mangudai |
| 26:07 | Create | Mangudai |
| 26:07 | Create | Mangudai |
| 26:08 | Create | Mangudai |
| 26:19 | Create | Villager (Male) |
| 26:20 | Create | Villager (Male) |
| 26:20 | Create | Villager (Male) |
| 26:21 | Create | Villager (Male) |
| 26:22 | Create | Villager (Male) |
| 26:22 | Create | Villager (Male) |
| 26:40 | Create | Trade Cart |
| 26:51 | Build | Lumber Camp |
| 27:01 | Build | Farm |
| 27:02 | Build | Farm |
| 27:16 | Build | Farm |
| 27:19 | Build | Farm |
| 27:22 | Build | Farm |
| 27:47 | Build | Mining Camp |
| 27:53 | Create | Mangudai |
| 27:53 | Create | Mangudai |
Build order — 11030715
First 150 of 262 actions detected
| 0:07 | Create | Villager (Male) |
| 0:08 | Create | Villager (Male) |
| 0:08 | Create | Villager (Male) |
| 0:08 | Create | Villager (Male) |
| 0:39 | Build | House |
| 0:42 | Create | Villager (Male) |
| 1:00 | Build | House |
| 1:05 | Create | Villager (Male) |
| 1:07 | Create | Villager (Male) |
| 1:48 | Build | Barracks |
| 2:19 | Create | Villager (Male) |
| 2:20 | Create | Villager (Male) |
| 2:22 | Create | Villager (Male) |
| 2:36 | Research | Double-Bit Axe |
| 3:30 | Research | Horse Collar |
| 3:38 | Build | Farm |
| 3:39 | Build | Farm |
| 3:42 | Build | Farm |
| 3:43 | Build | Farm |
| 3:47 | Create | Villager (Male) |
| 3:48 | Create | Villager (Male) |
| 4:27 | Create | Villager (Male) |
| 4:50 | Create | Villager (Male) |
| 5:06 | Build | Mill |
| 5:18 | Build | Farm |
| 5:22 | Create | Villager (Male) |
| 5:28 | Build | House |
| 5:37 | Build | Farm |
| 5:45 | Create | Villager (Male) |
| 5:59 | Research | Wheelbarrow |
| 6:11 | Build | Archery Range |
| 6:23 | Create | Eagle Scout ×5 |
| 6:27 | Create | Eagle Scout ×5 |
| 6:37 | Create | Villager (Male) |
| 6:39 | Create | Villager (Male) |
| 7:01 | Build | Lumber Camp |
| 7:28 | Build | Market |
| 7:45 | Create | Skirmisher ×5 |
| 8:07 | Create | Villager (Male) |
| 8:07 | Create | Villager (Male) |
| 8:07 | Create | Villager (Male) |
| 8:12 | Build | Mining Camp |
| 8:32 | Build | House |
| 8:33 | Build | House |
| 8:34 | Build | House |
| 8:35 | Build | House |
| 9:18 | Build | House |
| 9:20 | Build | House |
| 9:21 | Build | House |
| 9:28 | Build | Mill |
| 9:44 | Build | Lumber Camp |
| 9:56 | Build | Mining Camp |
| 10:01 | Research | Castle Age |
| 10:10 | Create | Eagle Scout |
| 10:11 | Create | Eagle Scout |
| 10:15 | Create | Skirmisher |
| 10:15 | Create | Skirmisher |
| 10:22 | Research | Gold Mining |
| 10:29 | Research | Stone Mining |
| 10:40 | Build | Farm |
| 10:42 | Build | Farm |
| 10:44 | Build | Farm |
| 10:46 | Build | Farm |
| 10:47 | Build | Farm |
| 10:50 | Build | Farm |
| 10:53 | Build | Farm |
| 10:55 | Build | Farm |
| 11:07 | Build | Lumber Camp |
| 11:13 | Build | Lumber Camp |
| 11:25 | Research | Scale Mail Armor |
| 11:26 | Research | Forging |
| 11:26 | Research | Fletching |
| 11:27 | Research | Padded Archer Armor |
| 12:34 | Create | Trade Cart |
| 12:35 | Create | Trade Cart |
| 12:36 | Create | Trade Cart |
| 12:36 | Create | Trade Cart |
| 12:37 | Create | Trade Cart |
| 12:37 | Create | Trade Cart |
| 12:41 | Age | Castle Age |
| 12:45 | Research | Town Watch |
| 12:46 | Create | Villager (Male) |
| 12:47 | Create | Villager (Male) |
| 12:56 | Build | Monastery |
| 13:01 | Build | Town Center |
| 13:08 | Research | Bow Saw |
| 13:11 | Research | Heavy Plow |
| 13:20 | Create | Monk |
| 13:32 | Research | Arson |
| 13:36 | Create | Villager (Male) |
| 13:42 | Create | Villager (Male) |
| 14:00 | Build | House |
| 14:01 | Build | House |
| 14:03 | Build | House |
| 14:10 | Create | Villager (Male) |
| 14:10 | Create | Villager (Male) |
| 14:11 | Create | Villager (Male) |
| 14:18 | Build | Farm |
| 14:20 | Build | Farm |
| 14:41 | Create | Trade Cart |
| 14:50 | Research | Hand Cart |
| 14:59 | Create | Villager (Male) |
| 15:00 | Create | Villager (Male) |
| 15:08 | Build | Farm |
| 15:36 | Create | Trade Cart |
| 15:55 | Build | House |
| 15:56 | Build | House |
| 15:57 | Build | House |
| 16:01 | Build | University |
| 16:09 | Research | Stone Shaft Mining |
| 16:12 | Create | Villager (Male) |
| 16:12 | Create | Villager (Male) |
| 16:13 | Create | Villager (Male) |
| 16:26 | Build | Castle |
| 16:31 | Build | Mining Camp |
| 16:49 | Build | Farm |
| 17:03 | Create | Eagle Scout ×5 |
| 17:08 | Research | Elite Skirmisher (upgrade) |
| 17:09 | Create | Skirmisher ×5 |
| 17:21 | Create | Monk |
| 17:37 | Create | Monk |
| 17:52 | Create | Villager (Male) |
| 17:52 | Create | Villager (Male) |
| 17:53 | Create | Villager (Male) |
| 18:15 | Create | Plumed Archer ×5 |
| 18:38 | Build | House |
| 18:39 | Build | House |
| 18:40 | Build | House |
| 18:41 | Build | House |
| 18:47 | Research | Treadmill Crane |
| 18:48 | Research | Masonry |
| 18:53 | Research | Eagle Warrior (upgrade) |
| 18:58 | Create | Skirmisher |
| 19:13 | Create | Trade Cart |
| 19:14 | Create | Trade Cart |
| 19:18 | Create | Villager (Male) |
| 19:23 | Build | Lumber Camp |
| 20:14 | Build | Stone Wall |
| 20:19 | Create | Plumed Archer ×5 |
| 20:43 | Build | Stone Wall |
| 20:55 | Research | Squires |
| 20:58 | Create | Eagle Scout ×5 |
| 21:03 | Create | Plumed Archer ×3 |
| 21:17 | Build | Lumber Camp |
| 21:37 | Research | Caravan |
| 21:39 | Create | Trade Cart |
| 22:07 | Build | Stone Wall |
| 22:17 | Research | Fortified Wall (upgrade) |
| 22:38 | Build | Castle |
| 23:08 | Create | Trade Cart |
Build order — balthes.james
First 150 of 687 actions detected
| 0:14 | Research | Wheelbarrow |
| 0:51 | Create | Villager (Male) |
| 0:51 | Create | Villager (Male) |
| 0:51 | Create | Villager (Male) |
| 0:52 | Create | Villager (Male) |
| 1:06 | Research | Horse Collar |
| 1:15 | Create | Villager (Male) |
| 1:16 | Create | Villager (Male) |
| 1:16 | Create | Villager (Male) |
| 1:40 | Create | Villager (Male) |
| 1:40 | Create | Villager (Male) |
| 2:17 | Build | House |
| 2:17 | Build | House |
| 2:18 | Build | House |
| 2:20 | Build | House |
| 2:22 | Build | House |
| 2:26 | Create | Villager (Male) |
| 2:27 | Create | Villager (Male) |
| 2:27 | Create | Villager (Male) |
| 2:51 | Create | Villager (Male) |
| 2:51 | Create | Villager (Male) |
| 2:51 | Create | Villager (Male) |
| 3:22 | Research | Double-Bit Axe |
| 3:44 | Create | Villager (Male) |
| 3:50 | Build | Market |
| 4:13 | Research | Man-at-Arms (upgrade) |
| 4:54 | Create | Villager (Male) |
| 5:03 | Create | Militia |
| 5:04 | Create | Militia |
| 5:11 | Build | Barracks |
| 5:24 | Create | Villager (Male) |
| 5:45 | Build | Mining Camp |
| 5:53 | Research | Forging |
| 6:00 | Create | Militia |
| 6:03 | Create | Spearman |
| 6:42 | Create | Villager (Male) |
| 7:22 | Build | Stone Wall |
| 7:32 | Build | Farm |
| 7:36 | Build | Farm |
| 7:38 | Create | Villager (Male) |
| 7:38 | Create | Villager (Male) |
| 8:00 | Build | Stone Wall |
| 8:20 | Build | Farm |
| 8:21 | Build | Farm |
| 8:23 | Build | Farm |
| 8:24 | Build | Farm |
| 8:26 | Build | Farm |
| 8:27 | Build | Farm |
| 8:29 | Build | Farm |
| 8:33 | Create | Villager (Male) |
| 8:54 | Create | Villager (Male) |
| 9:35 | Build | Farm |
| 10:27 | Create | Villager (Male) |
| 10:27 | Create | Villager (Male) |
| 10:54 | Research | Gold Mining |
| 11:11 | Build | House |
| 11:11 | Build | House |
| 11:11 | Build | House |
| 11:11 | Build | House |
| 11:11 | Build | House |
| 11:12 | Build | House |
| 11:23 | Create | Villager (Male) |
| 11:41 | Research | Stone Mining |
| 12:06 | Research | Castle Age |
| 12:33 | Build | House |
| 12:34 | Build | House |
| 12:36 | Build | House |
| 12:38 | Build | House |
| 12:57 | Build | Farm |
| 12:59 | Build | Farm |
| 13:02 | Build | Farm |
| 13:03 | Build | Farm |
| 13:06 | Build | Farm |
| 13:19 | Build | Watch Tower |
| 13:39 | Create | Spearman |
| 13:40 | Create | Spearman |
| 13:40 | Create | Spearman |
| 14:00 | Research | Scale Mail Armor |
| 14:07 | Build | Lumber Camp |
| 14:14 | Research | Padded Archer Armor |
| 14:15 | Research | Fletching |
| 14:46 | Age | Castle Age |
| 14:47 | Build | Stable |
| 14:49 | Build | Stable |
| 15:06 | Build | Town Center |
| 15:07 | Build | Town Center |
| 15:09 | Build | Town Center |
| 15:15 | Create | Villager (Male) |
| 15:15 | Create | Villager (Male) |
| 15:15 | Create | Villager (Male) |
| 15:15 | Create | Villager (Male) |
| 15:16 | Create | Villager (Male) |
| 15:16 | Create | Villager (Male) |
| 15:28 | Research | Gold Shaft Mining |
| 15:30 | Research | Stone Shaft Mining |
| 15:33 | Create | Knight |
| 15:33 | Create | Knight |
| 15:34 | Create | Knight |
| 15:34 | Create | Knight |
| 15:49 | Build | Farm |
| 15:50 | Build | Farm |
| 16:05 | Research | Hand Cart |
| 16:06 | Create | Villager (Male) |
| 16:06 | Create | Villager (Male) |
| 16:07 | Create | Villager (Male) |
| 16:07 | Create | Villager (Male) |
| 16:16 | Create | Knight |
| 16:16 | Create | Knight |
| 16:33 | Build | Barracks |
| 16:38 | Create | Spearman |
| 16:38 | Create | Spearman |
| 16:38 | Create | Spearman |
| 16:39 | Create | Spearman |
| 16:39 | Create | Spearman |
| 16:39 | Create | Spearman |
| 17:02 | Build | Stone Wall |
| 17:14 | Build | Town Center |
| 17:15 | Build | Town Center |
| 17:28 | Create | Villager (Male) |
| 17:28 | Create | Villager (Male) |
| 17:28 | Create | Villager (Male) |
| 17:28 | Create | Villager (Male) |
| 17:29 | Create | Villager (Male) |
| 17:29 | Create | Villager (Male) |
| 17:29 | Create | Villager (Male) |
| 17:29 | Create | Villager (Male) |
| 17:29 | Create | Villager (Male) |
| 17:50 | Research | Bow Saw |
| 18:05 | Build | Farm |
| 18:23 | Create | Villager (Male) |
| 18:23 | Create | Villager (Male) |
| 18:23 | Create | Villager (Male) |
| 18:23 | Create | Villager (Male) |
| 18:23 | Create | Villager (Male) |
| 18:24 | Create | Villager (Male) |
| 18:24 | Create | Villager (Male) |
| 18:57 | Create | Villager (Male) |
| 18:57 | Create | Villager (Male) |
| 18:57 | Create | Villager (Male) |
| 18:57 | Create | Villager (Male) |
| 18:57 | Create | Villager (Male) |
| 18:58 | Create | Villager (Male) |
| 19:22 | Create | Villager (Male) |
| 19:22 | Create | Villager (Male) |
| 19:22 | Create | Villager (Male) |
| 19:22 | Create | Villager (Male) |
| 19:23 | Create | Villager (Male) |
| 19:23 | Create | Villager (Male) |
| 19:27 | Build | Castle |
| 19:39 | Build | House |
Build order — agaf2001
86 actions detected in the replay
| 0:19 | Research | Town Watch |
| 1:24 | Research | Double-Bit Axe |
| 1:29 | Research | Horse Collar |
| 4:21 | Build | Lumber Camp |
| 5:26 | Research | Man-at-Arms (upgrade) |
| 5:27 | Research | Arson |
| 5:30 | Create | Militia |
| 5:31 | Create | Spearman |
| 5:32 | Create | Militia |
| 5:32 | Create | Spearman |
| 5:34 | Create | Spearman |
| 5:34 | Create | Militia |
| 5:35 | Create | Spearman |
| 20:20 | Build | Farm |
| 20:27 | Build | Farm |
| 20:37 | Build | Farm |
| 20:46 | Build | Farm |
| 21:12 | Research | Forging |
| 21:14 | Research | Scale Mail Armor |
| 21:15 | Research | Scale Barding Armor |
| 21:16 | Research | Padded Archer Armor |
| 21:17 | Research | Fletching |
| 21:40 | Build | House |
| 22:21 | Build | House |
| 22:57 | Build | Market |
| 23:43 | Build | Mining Camp |
| 24:17 | Research | Castle Age |
| 24:36 | Build | Archery Range |
| 24:56 | Build | House |
| 25:32 | Build | Lumber Camp |
| 25:51 | Build | House |
| 26:08 | Research | Gold Mining |
| 26:10 | Research | Stone Mining |
| 26:27 | Build | Stable |
| 26:30 | Create | Archer |
| 26:31 | Create | Skirmisher |
| 26:32 | Create | Archer |
| 26:32 | Create | Skirmisher |
| 26:57 | Age | Castle Age |
| 27:04 | Research | Crossbowman (upgrade) |
| 27:05 | Research | Elite Skirmisher (upgrade) |
| 27:11 | Research | Iron Casting |
| 27:12 | Research | Chain Mail Armor |
| 27:58 | Build | Monastery |
| 28:07 | Research | Light Cavalry (upgrade) |
| 28:36 | Build | University |
| 29:07 | Create | Monk |
| 29:09 | Create | Monk |
| 29:10 | Create | Monk |
| 29:12 | Research | Fervor |
| 29:13 | Research | Atonement |
| 29:15 | Research | Heresy |
| 30:01 | Research | Masonry |
| 30:02 | Research | Treadmill Crane |
| 30:03 | Research | Murder Holes |
| 30:06 | Research | Ballistics |
| 31:06 | Research | Guard Tower (upgrade) |
| 32:32 | Build | House |
| 33:09 | Research | Fortified Wall (upgrade) |
| 33:12 | Research | Tech 909 |
| 33:43 | Create | Villager (Male) |
| 34:01 | Create | Villager (Male) |
| 34:03 | Create | Villager (Male) |
| 34:49 | Research | Gold Shaft Mining |
| 35:54 | Build | Mining Camp |
| 36:13 | Build | House |
| 37:55 | Research | Heated Shot |
| 38:00 | Research | Tech 908 |
| 39:20 | Research | Careening |
| 39:27 | Research | Gambesons |
| 39:29 | Research | Squires |
| 39:46 | Build | House |
| 40:15 | Research | Heavy Plow |
| 40:49 | Research | Coinage |
| 42:00 | Research | Devotion |
| 43:50 | Build | House |
| 45:06 | Build | Castle |
| 45:35 | Research | Caravan |
| 45:40 | Research | Town Patrol |
| 46:16 | Build | Monastery |
| 47:40 | Research | Bow Saw |
| 48:57 | Research | Chieftains |
| 51:53 | Research | Bodkin Arrow |
| 51:54 | Research | Leather Archer Armor |
| 51:56 | Research | Chain Barding Armor |
| 53:28 | Build | Mining Camp |
Build order — leo_uh
First 150 of 234 actions detected
| 0:25 | Create | Villager (Male) ×5 |
| 0:47 | Build | Archery Range |
| 1:57 | Build | House |
| 1:59 | Build | House |
| 2:00 | Build | House |
| 2:02 | Build | House |
| 2:03 | Build | House |
| 2:53 | Create | Archer ×5 |
| 3:08 | Create | Archer ×2 |
| 4:00 | Build | Stone Wall |
| 4:05 | Build | Gate |
| 5:14 | Research | Castle Age |
| 6:48 | Build | Stone Wall |
| 7:40 | Age | Castle Age |
| 8:07 | Build | Farm |
| 8:08 | Build | Farm |
| 8:11 | Build | Farm |
| 8:11 | Build | Farm |
| 8:11 | Build | Farm |
| 8:11 | Build | Farm |
| 8:12 | Build | Farm |
| 8:22 | Build | Archery Range |
| 8:26 | Build | Siege Workshop |
| 8:33 | Create | Villager (Male) ×5 |
| 8:38 | Research | Crossbowman (upgrade) |
| 8:47 | Create | Archer ×5 |
| 9:01 | Build | Monastery |
| 9:08 | Build | Mining Camp |
| 9:16 | Create | Archer |
| 9:16 | Create | Archer |
| 9:28 | Research | Fletching |
| 9:44 | Research | Double-Bit Axe |
| 9:52 | Build | Farm |
| 9:56 | Research | Horse Collar |
| 10:12 | Build | Mining Camp |
| 10:23 | Create | Villager (Male) ×5 |
| 10:58 | Research | Padded Archer Armor |
| 11:32 | Build | Farm |
| 11:51 | Build | Town Center |
| 11:57 | Create | Villager (Male) ×4 |
| 12:09 | Build | Farm |
| 12:09 | Build | Farm |
| 12:10 | Build | Farm |
| 12:23 | Create | Monk |
| 12:45 | Build | Stone Wall |
| 12:49 | Build | Gate |
| 13:00 | Create | Archer ×5 |
| 13:00 | Create | Archer ×5 |
| 13:12 | Research | Wheelbarrow |
| 13:48 | Research | Bodkin Arrow |
| 14:04 | Build | Farm |
| 14:05 | Build | Farm |
| 14:05 | Build | Farm |
| 14:06 | Build | Farm |
| 14:07 | Build | Farm |
| 14:20 | Build | House |
| 14:20 | Build | House |
| 14:21 | Build | House |
| 14:23 | Build | House |
| 14:24 | Build | House |
| 14:24 | Build | House |
| 15:13 | Create | Mangonel |
| 15:23 | Research | Stone Mining |
| 15:42 | Research | Hand Cart |
| 15:45 | Create | Villager (Male) ×2 |
| 17:23 | Create | Villager (Male) ×5 |
| 17:23 | Create | Villager (Male) ×5 |
| 17:24 | Create | Villager (Male) ×5 |
| 17:38 | Build | Farm |
| 17:39 | Build | Farm |
| 17:40 | Build | Farm |
| 17:40 | Build | Farm |
| 17:41 | Build | Farm |
| 17:42 | Build | Farm |
| 18:02 | Build | Stable |
| 18:14 | Build | Castle |
| 18:25 | Research | Gold Mining |
| 18:31 | Research | Heavy Plow |
| 19:06 | Build | University |
| 20:16 | Create | Villager (Male) ×5 |
| 20:16 | Create | Villager (Male) ×5 |
| 20:32 | Build | Farm |
| 20:32 | Build | Farm |
| 20:33 | Build | Farm |
| 20:41 | Build | Farm |
| 21:10 | Build | Outpost |
| 21:19 | Build | Stable |
| 21:21 | Build | Stable |
| 21:51 | Research | Scale Barding Armor |
| 21:51 | Research | Forging |
| 22:06 | Research | Imperial Age |
| 22:10 | Create | Villager (Male) ×5 |
| 22:33 | Build | Mill |
| 22:39 | Build | Farm |
| 22:40 | Build | Farm |
| 22:40 | Build | Farm |
| 22:41 | Build | Farm |
| 22:41 | Build | Farm |
| 22:42 | Build | Farm |
| 22:43 | Build | Farm |
| 22:43 | Build | Farm |
| 22:48 | Research | Ballistics |
| 23:21 | Research | Husbandry |
| 23:22 | Research | Bloodlines |
| 23:30 | Build | Stable |
| 23:32 | Build | Stable |
| 23:36 | Build | Stable |
| 24:00 | Build | Castle |
| 24:06 | Create | Villager (Male) ×5 |
| 24:12 | Create | Villager (Male) ×5 |
| 24:51 | Age | Imperial Age |
| 25:11 | Research | Chain Barding Armor |
| 25:12 | Research | Iron Casting |
| 25:21 | Research | Conscription |
| 25:36 | Research | Cavalier (upgrade) |
| 25:40 | Create | Knight ×5 |
| 25:40 | Create | Knight ×5 |
| 25:40 | Create | Knight ×5 |
| 25:40 | Create | Knight ×5 |
| 25:40 | Create | Knight ×5 |
| 25:40 | Create | Knight ×5 |
| 25:55 | Create | Villager (Male) |
| 25:55 | Create | Villager (Male) |
| 25:55 | Create | Villager (Male) |
| 25:55 | Create | Villager (Male) |
| 26:10 | Build | Farm |
| 26:10 | Build | Farm |
| 26:14 | Build | Farm |
| 26:14 | Build | Farm |
| 26:25 | Build | House |
| 26:25 | Build | House |
| 26:26 | Build | House |
| 26:26 | Build | House |
| 26:28 | Build | House |
| 26:28 | Build | House |
| 26:29 | Build | House |
| 26:31 | Build | House |
| 26:31 | Build | House |
| 26:34 | Build | House |
| 26:35 | Build | House |
| 26:45 | Build | House |
| 26:45 | Build | House |
| 26:46 | Build | House |
| 26:47 | Build | House |
| 26:48 | Build | House |
| 26:48 | Build | House |
| 26:50 | Build | House |
| 26:50 | Build | House |
| 26:51 | Build | House |
| 26:56 | Build | Mining Camp |
Match timeline
| 0:47 | leo_uh · first_building Archery Range |
| 1:48 | Hixkev · wall_segment Stone Wall x6 |
| 1:48 | 11030715 · first_building Barracks |
| 2:24 | josedeteran94 · wall_segment Stone Wall x6 |
| 3:40 | Chocolate Nestle · wall_segment Stone Wall x8 |
| 4:00 | leo_uh · wall_segment Stone Wall x8 |
| 4:02 | Hixkev · first_building Barracks |
| 4:36 | Hixkev · first_market_buy 100 food |
| 4:47 | Hixkev · first_market_sell 100 wood |
| 5:11 | Hixkev · wall_segment Stone Wall x10 |
| 5:11 | balthes.james · first_building Barracks |
| 5:51 | josedeteran94 · first_market_buy 100 food |
| 5:58 | josedeteran94 · first_market_sell 500 wood |
| 6:11 | 11030715 · first_building Archery Range |
| 6:23 | Hixkev · first_building Archery Range |
| 6:35 | Chocolate Nestle · first_building Stable |
| 6:39 | Chocolate Nestle · age_up castle |
| 6:48 | leo_uh · wall_segment Stone Wall x10 |
| 7:16 | josedeteran94 · first_building Stable |
| 7:22 | balthes.james · wall_segment Stone Wall x9 |
| 7:31 | Hixkev · age_up castle |
| 7:40 | leo_uh · age_up castle |
| 8:00 | balthes.james · wall_segment Stone Wall x14 |
| 8:04 | josedeteran94 · first_building Archery Range |
| 8:12 | leno_lau · age_up castle |
| 8:26 | leo_uh · first_building Siege Workshop |
| 9:01 | leo_uh · first_building Monastery |
| 9:14 | josedeteran94 · wall_segment Stone Wall x5 |
| 9:23 | josedeteran94 · age_up castle |
| 10:06 | Hixkev · wall_segment Stone Wall x6 |
| 10:26 | josedeteran94 · first_building Siege Workshop |
| 11:10 | Chocolate Nestle · first_building Castle |
| 11:46 | Hixkev · wall_segment Stone Wall x5 |
| 12:41 | 11030715 · age_up castle |
| 12:45 | leo_uh · wall_segment Stone Wall x26 |
| 12:56 | 11030715 · first_building Monastery |
| 13:38 | josedeteran94 · first_building Monastery |
| 13:41 | Hixkev · first_building Castle |
| 14:04 | leno_lau · first_building Monastery |
| 14:15 | Hixkev · wall_segment Stone Wall x6 |
| 14:46 | balthes.james · age_up castle |
| 14:47 | balthes.james · first_building Stable |
| 15:15 | Chocolate Nestle · first_building Monastery |
| 16:26 | 11030715 · first_building Castle |
| 17:02 | balthes.james · wall_segment Stone Wall x1 |
| 17:50 | Hixkev · wall_segment Stone Wall x12 |
| 18:02 | leo_uh · first_building Stable |
| 18:14 | Chocolate Nestle · first_market_buy 100 food |
| 18:14 | leo_uh · first_building Castle |
| 18:31 | josedeteran94 · first_building Castle |
| 18:32 | Hixkev · first_building Siege Workshop |
| 18:37 | josedeteran94 · age_up imperial |
| 19:08 | leno_lau · age_up imperial |
| 19:27 | balthes.james · first_building Castle |
| 20:12 | leno_lau · first_building Barracks |
| 20:14 | 11030715 · wall_segment Stone Wall x36 |
| 20:37 | balthes.james · first_building Archery Range |
| 20:43 | 11030715 · wall_segment Stone Wall x21 |
| 22:07 | 11030715 · wall_segment Stone Wall x18 |
| 22:28 | leno_lau · first_building Siege Workshop |
| 23:26 | balthes.james · first_building Monastery |
| 23:35 | 11030715 · wall_segment Stone Wall x16 |
| 24:28 | Hixkev · age_up imperial |
| 24:35 | Chocolate Nestle · age_up imperial |
| 24:36 | agaf2001 · first_building Archery Range |
| 24:51 | leo_uh · age_up imperial |
| 24:59 | leno_lau · first_building Castle |
| 25:17 | 11030715 · first_building Siege Workshop |
| 26:08 | Hixkev · wall_segment Stone Wall x5 |
| 26:27 | agaf2001 · first_building Stable |
| 26:50 | balthes.james · first_building Siege Workshop |
| 26:57 | agaf2001 · age_up castle |
| 27:58 | agaf2001 · first_building Monastery |
| 28:47 | balthes.james · age_up imperial |
| 29:18 | leo_uh · wall_segment Stone Wall x10 |
| 31:18 | 11030715 · age_up imperial |
| 33:54 | 11030715 · wall_segment Stone Wall x18 |
| 33:54 | agaf2001 · first_market_buy 100 food |
| 34:01 | 11030715 · wall_segment Stone Wall x19 |
| 37:27 | Hixkev · wall_segment Stone Wall x15 |
| 37:53 | Hixkev · wall_segment Stone Wall x6 |
| 38:56 | Hixkev · resign |
| 45:06 | agaf2001 · first_building Castle |
| 56:22 | Chocolate Nestle · first_market_sell 100 stone |
[ AI ANALYSIS · 1 CREDIT ]
What really happened in this match?
Wolo.gg analyzes every decision: build order, eco, micro, common mistakes by bracket. Personalized analysis on WhatsApp or Discord in 30 seconds.
Civ guide
Cumans
Perfil
Jugador #20636819